 Dungeon Crawl Stone Soup version 0.21.1-1-g345015f (webtiles) character file.

112 goulibeur the Distorting Demonspawn (level 4, 0/36 HPs)
             Began as a Demonspawn Abyssal Knight on June 27, 2018.
             Was a Believer of Lugonu.
             Slain by a leopard gecko (1 damage)
             ... on level 5 of the Dungeon.
             The game lasted 00:09:09 (3594 turns).

goulibeur the Distorting Demonspawn (DsAK)          Turns: 3594, Time: 00:09:10

Health: 0/36       AC:  3    Str: 12    XL:     4   Next: 64%
Magic:  7/7        EV: 11    Int: 14    God:    Lugonu [**....]
Gold:   338        SH:  0    Dex: 16    Spells: 3/3 levels left

rFire    + . .     SeeInvis .   a - +1 short sword
rCold    x . .     Gourm    .   (no shield)
rNeg     . . .     Faith    .   t - +0 leather armour {rPois}
rPois    +         Spirit   .   (no helmet)
rElec    .         Reflect  .   (no cloak)
rCorr    .         Harm     .   (no gloves)
MR       .....                  (no boots)
Stlth    +++.......             (no amulet)
HPRegen  0.12/turn              l - ring of fire
MPRegen  0.10/turn              m - +3 ring of dexterity

@: heavily drained
A: hooves 1, nightstalker 2
a: Depart the Abyss, Bend Space, Renounce Religion


You were on level 5 of the Dungeon.
You worshipped Lugonu.
Lugonu was pleased with you.
You were hungry.

You visited 1 branch of the dungeon, and saw 5 of its levels.
You visited the Abyss 1 time.

You collected 338 gold pieces.

Inventory:

Hand Weapons
 a - a +1 short sword (weapon)
Armour
 b - a +0 leather armour
 s - a +0 ring mail
 t - a +0 leather armour of poison resistance (worn)
Jewellery
 f - an uncursed amulet of harm
 l - a ring of fire (left hand)
 m - a +3 ring of dexterity (right hand)
 u - an uncursed ring of fire
Wands
 r - a wand of digging (8)
Scrolls
 e - 2 scrolls of remove curse
 g - 2 scrolls of identify
 h - a scroll of immolation {unknown}
 i - a scroll of enchant armour {unknown}
 k - a scroll of fear {unknown}
 o - a scroll of enchant weapon {unknown}
Potions
 j - a potion of invisibility {unknown}
 n - a potion of brilliance {unknown}
 p - a potion of flight {unknown}
 q - a potion of heal wounds
Comestibles
 c - 7 rations
 d - a chunk of flesh


   Skills:
 + Level 3.6(2.0) Fighting
 - Level 1.7(0.2) Short Blades
 + Level 2.5(1.0) Armour
 + Level 1.9(0.4) Dodging
 * Level 4.4(2.7) Invocations


You had 3 spell levels left.
You didn't know any spells.

Dungeon Overview and Level Annotations

Branches:
Dungeon (5/15)
 Temple: D:4-7

Altars:
Elyvilon
Ru

Annotations:
D:3 Sigmund
D:4 Menkaure


Innate Abilities, Weirdness & Mutations

You have large cloven feet.
You are significantly more attuned to the shadows.


Message History

The leopard gecko bites you.
* * * LOW HITPOINT WARNING * * *
The leopard gecko barely misses you.
You closely miss the leopard gecko. Your kick misses the leopard gecko.
The leopard gecko is heavily wounded.
The leopard gecko bites you.
* * * LOW HITPOINT WARNING * * *
You hit the leopard gecko but do no damage.
Your kick misses the leopard gecko.
The leopard gecko is heavily wounded.
The leopard gecko bites you.
* * * LOW HITPOINT WARNING * * *
You hit the leopard gecko but do no damage.
Your kick misses the leopard gecko.
The leopard gecko is heavily wounded.
The leopard gecko closely misses you. The leopard gecko barely misses you.
You barely miss the leopard gecko. Your kick misses the leopard gecko.
The leopard gecko is heavily wounded.
The leopard gecko bites you.
You die...

# .##
##+###..
.#....l###
.....@...#
#........#
...........
#.#.#.##...
. ..... .>.
...#.# ..


You could see a leopard gecko.

Vanquished Creatures
  Ijyb (D:3)
  An adder (D:4)
  A worm (D:2)
  5 dart slugs
  A leopard gecko (D:2)
  An orc (D:3)
  4 ball pythons
  11 bats
  2 giant cockroaches (D:2)
  2 goblins (D:1)
  10 hobgoblins
  2 jackals (D:1)
  7 kobolds
  2 quokkas
  7 frilled lizards
  4 rats
61 creatures vanquished.

Notes
Turn   | Place    | Note
-------+----------+-------------------------------------------
     0 | Abyss:1  | goulibeur the Demonspawn Abyssal Knight began the quest for the Orb.
     0 | Abyss:1  | Reached XP level 1. HP: 18/18 MP: 2/2
    65 | Abyss:1  | Noticed a small abomination
    66 | D:1      | Escaped the Abyss
   272 | D:1      | Reached skill level 1 in Dodging
   298 | D:1      | Reached * piety under Lugonu
   402 | D:1      | Reached skill level 3 in Invocations
   402 | D:1      | Gained mutation: You have large cloven feet. [demonic ancestry]
   402 | D:1      | Reached XP level 2. HP: 21/24 MP: 2/4
  1023 | D:1      | Gained mutation: You are slightly more attuned to the shadows. [demonic ancestry]
  1023 | D:1      | Reached XP level 3. HP: 12/29 MP: 5/5
  1814 | D:2      | Found a sacrificial altar of Ru.
  1992 | D:2      | Found a white marble altar of Elyvilon.
  2242 | D:3      | Reached ** piety under Lugonu
  2384 | D:3      | Gained mutation: You are significantly more attuned to the shadows. [demonic ancestry]
  2384 | D:3      | Reached XP level 4. HP: 33/35 MP: 6/6
  2446 | D:3      | Reached skill level 4 in Invocations
  2520 | D:3      | Noticed Ijyb
  2568 | D:3      | Killed Ijyb
  3122 | D:3      | Noticed Sigmund
  3551 | D:4      | Noticed Menkaure
  3588 | D:5      | Entered Level 5 of the Dungeon
  3592 | D:5      | HP: 1/36 [leopard gecko (2)]
  3594 | D:5      | Slain by a leopard gecko

Skill      XL: |  1  2  3  4 |
---------------+-------------+-----
Dodging        | 1 |  1.9
Invocations    | 3 4 |  4.4
Armour         | 2 |  2.5
Fighting       | |  3.6
Short Blades   | |  1.7

Action                   |  1- 3 |  4- 6 || total
-------------------------+-------+-------++-------
Melee: Short sword       |   163 |    75 ||   238
       Kick              |    21 |    17 ||    38
Invok: Depart the Abyss  |     1 |       ||     1
  Use: Scroll            |       |     2 ||     2
 Stab: Sleeping          |     3 |     4 ||     7
  Eat: Chunk             |     5 |     3 ||     8
Armor: Leather armour    |    53 |     8 ||    61
       Ring mail         |       |     6 ||     6
Dodge: Dodged            |   112 |    40 ||   152
